 Dungeon Crawl Stone Soup version 0.31-a0-1570-g93c622d222 (webtiles) character file.

Game seed: 11403360485358999595

1530 Flugslaktarn the Toxicologist (level 8, -8/43 (46) HPs)
             Began as an Octopode Alchemist on Jan 3, 2024.
             Mangled by a wight
             ... wielding a +0 halberd
              (13 damage)
             ... on level 6 of the Dungeon.
             The game lasted 00:06:14 (2157 turns).

Flugslaktarn the Toxicologist (Octopode Alchemist)  Turns: 2157, Time: 00:06:14

HP:   -8/43 (46)    AC:  1    Str:  8    XL:     8   Next: 85%
MP:   16/16         EV: 13    Int: 19    God:
Gold: 137           SH:  0    Dex: 15    Spells: 9/18 levels left

rFire   . . .        e - +0 short sword
rCold   . . .        (no shield)
rNeg    . . .        (helmet restricted)
rPois   .            (no amulet)
rElec   .            m - ring "Jonuakha" {Will+ Dex+3}
rCorr   .            (no ring)
SInv    .            (no ring)
Will    +....        (no ring)
Stlth   ++++         (no ring)
HPRegen 0.27/turn    (no ring)
MPRegen 0.15/turn    (no ring)
                     (no ring)

%: no passive effects
@: drained
A: almost no armour, amphibious, 8 rings, camouflage 1, gelatinous body 1,
nimble swimmer 1, tentacles
a: no special abilities


You were on level 6 of the Dungeon.
You visited 1 branch of the dungeon, and saw 6 of its levels.

You collected 137 gold pieces.

Inventory:

Hand Weapons
 e - a +0 short sword (weapon)
   (You took it off a kobold on level 2 of the Dungeon)
Armour
 p - a +0 kite shield
   (You found it on level 4 of the Dungeon)
Jewellery
 m - the ring "Jonuakha" (left tentacle) {Will+ Dex+3}
   (You found it on level 4 of the Dungeon)

   [ring of willpower]

   Dex+3:     It affects your dexterity (+3).
   Will+:     It increases your willpower.
Scrolls
 f - 2 scrolls of vulnerability
 g - 3 scrolls of noise
 j - a scroll of amnesia {unknown}
 l - a scroll of enchant weapon {unknown}
 o - a scroll of acquirement {unknown}
 r - 4 scrolls of identify
 t - a scroll of teleportation
Potions
 a - a potion of magic
 d - a potion of enlightenment


   Skills:
 - Level 2.0 Dodging
 - Level 2.6 Stealth
 - Level 5.8 Spellcasting
 - Level 1.0 Conjurations
 + Level 2.0 Fire Magic
 - Level 10.0 Alchemy


You had 9 spell levels left.
You knew the following spells:

 Your Spells              Type           Power      Damage    Failure   Level
a - Sting                 Conj/Alch      100%       1d9       1%          1
b - Olgreb's Toxic Radia  Alch           43%        N/A       1%          4
c - Sticky Flame          Fire/Alch      28%        2d7       10%         4

Your spell library contained the following spells:

 Spells                   Type           Power      Damage    Failure   Level
 Mercury Vapours          Alch/Air       48%        N/A       2%          2
 Mephitic Cloud           Conj/Alch/Air  19%        N/A       8%          3
 Shock                    Conj/Air       28%        1d4       10%         1
 Inner Flame              Hex/Fire       9%         N/A       22%         3
 Swiftness                Air            5%         N/A       34%         3
 Flame Wave               Conj/Fire      11%        2d6       52%         4
 Airstrike                Air            2%         2d(1-17)  75%         4
 Anguish                  Hex/Necr       2%         N/A       75%         4
 Cause Fear               Hex            2%         N/A       75%         4
 Enfeeble                 Hex            2%         N/A       100%        7


Dungeon Overview and Level Annotations

Branches:
Dungeon (6/15)
 Temple: D:4-7

Altars:
Fedhas
Ru

Annotations:
D:4 exclusion: phantom
D:5 exclusion: ogre


Innate Abilities, Weirdness & Mutations

You cannot wear most types of armour.
You are amphibious.
You can wear up to eight rings at the same time.
Your skin changes colour to match your surroundings (Stealth+).
Your rubbery body absorbs attacks. (AC +1, EV +1)
You are camouflaged when in or above water. (Stealth+)
You have tentacles for arms and can constrict up to eight enemies at once.


Message History

Aim: a phantom (water, moderately damaged, unstickable)
The sticky flame hits the phantom.
The phantom is heavily damaged.
The phantom is engulfed in a cloud of scalding steam.
The phantom barely misses you.
Unknown command.
You barely miss the phantom.
The phantom is severely damaged.
The phantom is engulfed in a cloud of scalding steam.
You destroy the phantom!
Things that are here:
a +0 dagger; a +0 robe; an orc corpse
There is an open door here.
Items here: )) ††.
Things that are here:
a +0 dagger; a +0 robe; an orc corpse You enter the deep water.
You start resting.
Magic restored.
An ufetubus comes into view.
The wight hits you with a +5 great sword!!
You feel drained.
The ufetubus shouts!
Casting: Sticky Flame (quite dangerous; 10% risk of failure)
Confirm with . or Enter, or press ? or * to list all spells.
Okay, then.
Unknown command.
The orc shouts!
Press: ? - help, v - describe, . - travel, g - get item
Here: a wight, wielding a +5 great sword and wearing a +0 robe (lightly damaged)
Items here: a +0 dagger; a +0 robe.
The floor.
Unknown command.
You enter the deep water.
You start resting.
An orc is nearby!
You enter the deep water.
Casting: Sticky Flame (quite dangerous; 10% risk of failure)
Confirm with . or Enter, or press ? or * to list all spells.
Aiming: Sting (safe; 1% risk of failure)
Press: ? - help, Shift-Dir - straight line, f - ufetubus
Aim: an ufetubus (63% to hit)
The sting hits the ufetubus.
The ufetubus is poisoned.
The ufetubus is moderately wounded.
The orc shouts!
Casting: Sting (safe; 1% risk of failure)
Confirm with . or Enter, or press ? or * to list all spells.
Aiming: Sting (safe; 1% risk of failure)
Press: ? - help, Shift-Dir - straight line, f - orc, p - ufetubus
Aim: an orc, wielding a +0 club and wearing a +3 ring mail (81% to hit)
The sting hits the orc.
The orc is poisoned.
The orc is heavily wounded.
A wight comes into view. It is wielding a +0 halberd.
Unknown command.
You kill the ufetubus!
You kill the orc!
Your Fire Magic skill increases to level 2!
Casting: Sting (safe; 1% risk of failure)
Confirm with . or Enter, or press ? or * to list all spells.
Aiming: Sting (safe; 1% risk of failure)
Press: ? - help, Shift-Dir - straight line, f - orc
Aim: an orc, wielding a +0 falchion and wearing a +2 chain mail of fire resistance (84% to hit)
The sting hits the orc but does no damage.
The orc is poisoned.
Unknown command.
The orc looks more healthy.
Casting: Sting (safe; 1% risk of failure)
Confirm with . or Enter, or press ? or * to list all spells.
Aiming: Sting (safe; 1% risk of failure)
Press: ? - help, Shift-Dir - straight line, f/p - orc
Aim: an orc, wielding a +0 falchion and wearing a +2 chain mail of fire resistance (moderately wounded, 84% to hit)
The sting hits the orc but does no damage.
The orc is poisoned.
The orc is moderately wounded.
The orc shouts!
You aren't carrying any items that you can evoke.
Unknown command.
Casting: Sting (safe; 1% risk of failure)
Confirm with . or Enter, or press ? or * to list all spells.
Aiming: Sting (safe; 1% risk of failure)
Press: ? - help, Shift-Dir - straight line, f/p - orc
Aim: an orc, wielding a +0 falchion and wearing a +2 chain mail of fire resistance (moderately wounded, poisoned, 84% to hit)
The sting hits the orc.
The orc looks even sicker.
The orc is heavily wounded.
You kill the orc!
Unknown command.
You enter the deep water.
The wight attacks as it pursues you!
The wight hits you with a +5 great sword!!
Ouch! That really hurt!
The wight attacks as it pursues you! The wight closely misses you.
The wight attacks as it pursues you! The wight closely misses you.
The wight attacks as it pursues you!
The wight hits you from afar with a +0 halberd!
* * * LOW HITPOINT WARNING * * *
You feel drained.
* * * LOW HITPOINT WARNING * * *
You enter the deep water.
The wight attacks as it pursues you!
The wight hits you from afar with a +0 halberd!
You die...

#.............######
........<#.........#
..............####.#
#....[...≈≈≈≈≈≈≈≈≈.#
.........≈##≈≈≈##≈)#
.......).≈#######≈.#
......[..≈≈#...#≈≈z#
#.....).z≈≈#(..))z.#
.........≈≈#..)#@≈##
..######z≈#######≈#
.# #$≈##≈≈≈##≈# #
#)≈≈≈≈≈≈≈≈≈#
#......).##########
.........#
.........#
.........#
......5..#


You could see 2 wights.

Vanquished Creatures
  A wyvern (D:6)
  A sky beast (D:6)
  An ogre (D:6)
  3 orc warriors (D:6)
  A phantom (D:6)
  A bullfrog (D:6)
  2 scorpions
  A howler monkey (D:4)
  A bombardier beetle (D:6)
  2 hounds
  A jelly (D:6)
  3 orc priests
  A gnoll bouda (D:6)
  5 iguanas
  4 orc wizards
  7 adders
  5 gnolls
  An ufetubus (D:6)
  20 orcs
  3 endoplasms
  3 giant cockroaches
  3 goblins
  6 hobgoblins
  A quokka (D:2)
  A ball python (D:4)
  3 bats (D:2)
  2 frilled lizards
  5 kobolds
  A rat (D:2)
89 creatures vanquished.

Vanquished Creatures (others)
  A shadow imp (D:6)
1 creature vanquished.

Grand Total: 90 creatures vanquished

Notes
Turn   | Place    | Note
-------+----------+-------------------------------------------
     0 | D:1      | Flugslaktarn the Octopode Alchemist began the quest for the
                  | Orb.
     0 | D:1      | Reached XP level 1. HP: 11/11 MP: 3/3
   142 | D:2      | Reached XP level 2. HP: 16/17 MP: 0/5
   174 | D:2      | Found a faded altar of an unknown god.
   236 | D:2      | Reached skill level 4 in Alchemy
   277 | D:3      | Reached XP level 3. HP: 21/21 MP: 1/6
   403 | D:4      | Noticed a scorpion
   410 | D:4      | Killed a scorpion
   411 | D:4      | Reached skill level 5 in Alchemy
   411 | D:4      | Reached XP level 4. HP: 20/27 MP: 0/8
   428 | D:4      | Learned a level 4 spell: Olgreb's Toxic Radiance
   446 | D:4      | Noticed a phantom
   549 | D:4      | Reached XP level 5. HP: 26/31 MP: 5/9
   597 | D:4      | Identified the ring "Jonuakha" {Will+ Dex+3}
   657 | D:4      | Reached skill level 6 in Alchemy
   720 | D:5      | Entered Level 5 of the Dungeon
   770 | D:5      | Reached XP level 6. HP: 33/36 MP: 5/11
   914 | D:5      | Found a sacrificial altar of Ru.
  1152 | D:5      | Reached skill level 7 in Alchemy
  1248 | D:5      | Reached XP level 7. HP: 34/41 MP: 10/13
  1525 | D:6      | Noticed a wyvern
  1529 | D:6      | Reached skill level 8 in Alchemy
  1532 | D:6      | Found a blossoming altar of Fedhas.
  1535 | D:6      | Killed a wyvern
  1536 | D:6      | Reached skill level 5 in Spellcasting
  1536 | D:6      | Reached XP level 8. HP: 7/46 MP: 1/15
  1539 | D:6      | Reached skill level 9 in Alchemy
  1718 | D:6      | HP: 2/46 [poisoned by a water moccasin]
  1913 | D:6      | Reached skill level 10 in Alchemy
  1925 | D:6      | Learned a level 4 spell: Sticky Flame
  1945 | D:6      | Reached skill level 1 in Fire Magic
  2157 | D:6      | Mangled by a wight

Illustrated notes

Levels and vault maps discovered:
D:1:      psy_arrival_statuary, layout_loops_corners, serial_shops, shop
D:2:      layout_loops_ring, serial_shops, shop, shop, shop,
          dreamdust_ecumenical_altar_grove, grunt_ministairs_2
D:3:      layout_basic, small_statue_intersection
D:4:      layout_basic, minmay_shop_mass, nicolae_tricolors
D:5:      layout_loops_cross, nicolae_ru_path_of_blood
D:6:      hangedman_cross_stitches, layout_rooms, minitemple, fedhas_altar_2,
          lightli_minifort

Skill      XL: |  1  2  3  4  5  6  7  8 |
---------------+-------------------------+-----
Alchemy        | 4 5 6 7 8 10 | 10.0
Spellcasting   | 3 4 5 |  5.8
Fire Magic     | 2 |  2.0
Dodging        | |  2.0
Stealth        | |  2.6
Conjurations   | |  1.0

Action                     |  1- 3 |  4- 6 |  7- 9 || total
---------------------------+-------+-------+-------++-------
  Melee: Unarmed           |     6 |       |       ||     6
         Constrict         |    11 |    13 |     3 ||    27
         Short sword       |    26 |    32 |     5 ||    63
         Tentacles         |     4 |    14 |     1 ||    19
         Punch             |       |     1 |       ||     1
   Cast: Sting             |    30 |    56 |    20 ||   106
         Olgreb's Toxic Ra |       |       |    12 ||    12
         Sticky Flame      |       |       |     1 ||     1
    Use: Potion            |       |     2 |     5 ||     7
         Scroll            |       |       |     7 ||     7
 Armour: Skin              |    19 |    20 |    26 ||    65
  Dodge: Dodged            |    24 |    34 |    27 ||    85

Table legend: (Time is in decaauts)
 A = Elapsed time spent in this place.
 B = Non-inter-level travel time spent in this place.
 C = Inter-level travel time spent in this place.
 D = Time resting spent in this place.
 E = Time spent auto-exploring this place.
 F = Levels seen in this place.
 G = Mean time per level.
                   A        B        C        D        E       F      G
               +--------+--------+--------+--------+--------+-----+--------+
         Total |   2156 |   1992 |    164 |    360 |    698 |   6 |  359.3 |
       Dungeon |   2156 |   1992 |    164 |    360 |    698 |   6 |  359.3 |
               +--------+--------+--------+--------+--------+-----+--------+

Top non-repeatable levels by time:
     D:5: 891 daAuts
     D:6: 512 daAuts
     D:4: 367 daAuts
     D:2: 160 daAuts
     D:1: 135 daAuts
     D:3: 89 daAuts
